 Dungeon Sprint DCSS version 0.30.0-19-g36f170ea60 (webtiles) character file.

Game seed: 1249668747876213115

448198 Revguard the Slayer (level 18, 196/196 HPs)
             Began as a Demonspawn Fighter on June 1, 2023.
             Was the Champion of Jiyva.
             Escaped with the Orb!
             The game lasted 00:57:28 (2564 turns).

Revguard the Slayer (Demonspawn Fighter)            Turns: 2564, Time: 00:57:28

Health: 196/196    AC: 48    Str: 37    XL:     18   Next: 9%
Magic:  18/18      EV: 19    Int:  8    God:    Jiyva [******]
Gold:   0          SH: 49    Dex: 13    Spells: 17/17 levels left

rFire   + + .        C - +16 obsidian axe {drain, demonic, Mesm Drain Fly SInv}
rCold   + + .        E - +18 shield of the Gong {Loud rN+ Will+ rCorr EV-5}
rNeg    + . .        D - +15 Maxwell's patent armour {-Cast -Tele rElec Will+ rCorr}
rPois   +            y - +2 helmet {SInv}
rElec   +            L - +1 cloak "Gaux" {rElec Regen+ Stlth-}
rCorr   +            G - +0 pair of gloves "Vitrae" {rPois Str+2}
SInv    +            (boots unavailable)
Will    +++++        n - amulet "Pil Zey" {Spirit rElec rC+ Str+4 Dex-3} Stlth
                     F - ring "Zaheent" {rElec rPois Will+ Str+4}
HPRegen 2.92/turn    a - ring of the Octopus King {rF+ HP+2 AC+2 EV+2 SH+2}
MPRegen 0.66/turn

%: no teleportation, no spellcasting, guardian spirit
@: mighty, resistant, flying, hasted, studying 6 skills, very quick
A: hooves 3, large bone plates 3, icemail 1, powered by death 2, condensation
shield, agile 1, strong-willed 3, robust 1, strong 1, eyeballs 1, gelatinous
body 3, pseudopods 3, tendrils, jelly sensing items, jelly absorbing missiles
0: Orb of Zot
a: Renounce Religion, Oozemancy, Slimify


You escaped.
You worshipped Jiyva.
Jiyva was exalted by your worship.
You visited 1 branch

Inventory:

Hand Weapons
 C - the +16 obsidian axe (weapon) {drain, demonic, Mesm Drain Fly SInv}
   (You found it in the Dungeon)

   Mesm:      Its wielder is mesmerised by any visible foes, and it cannot be
   unequipped while any foes are visible.
   SInv:      It lets you see invisible.
   Fly:       It grants you flight.
   Drain:     It drains your maximum health when unequipped.
Armour
 y - a +2 helmet of see invisible (worn)
 D - the +15 Maxwell's patent armour (worn) {-Cast -Tele rElec Will+ rCorr}
   (You found it in the Dungeon)

   rElec:     It insulates you from electricity.
   -Cast:     It prevents spellcasting.
   -Tele:     It prevents most forms of teleportation.
   rCorr:     It protects you from acid and corrosion.
   Will:      It increases your willpower.
 E - the +18 shield of the Gong (worn) {Loud rN+ Will+ rCorr EV-5}
   (You found it in the Dungeon)

   Loud:      It is deafeningly noisy when blocking attacks.
   EV:        It affects your evasion (-5).
   rN:        It protects you from negative energy.
   rCorr:     It protects you from acid and corrosion.
   Will:      It increases your willpower.
 G - the +0 pair of gloves "Vitrae" (worn) {rPois Str+2}
   (You found it in the Dungeon)

   Str:       It affects your strength (+2).
   rPois:     It protects you from poison.
 L - the +1 cloak "Gaux" (worn) {rElec Regen+ Stlth-}
   (You found it in the Dungeon)

   rElec:     It insulates you from electricity.
   Regen:     It increases your rate of health regeneration.
   Stlth:     It makes you less stealthy.
Jewellery
 a - a ring of the Octopus King (right hand) {rF+ HP+2 AC+2 EV+2 SH+2}
   (You found it in the Dungeon)

   [ring of protection from fire]

   AC:        It affects your AC (+2).
   EV:        It affects your evasion (+2).
   rF:        It protects you from fire.
   HP:        It affects your health (+2).
   SH:        It affects your SH (+2).
 f - an amulet of regeneration
 l - the dreamshard necklace {*Dream Drain}
   (You found it in the Dungeon)

   [amulet of nothing]

   *Dream:    It shatters if its wearer takes lethal or near-lethal damage,
   preventing the blow and releasing protective dreams that heal and fight for
   the wearer.
   Drain:     It drains your maximum health when unequipped.
 n - the amulet "Pil Zey" (around neck) {Spirit rElec rC+ Str+4 Dex-3}
   (You found it in the Dungeon)

   [amulet of guardian spirit]

   It causes incoming damage to be divided between your reserves of health and
   magic.
   Str:       It affects your strength (+4).
   Dex:       It affects your dexterity (-3).
   rC:        It protects you from cold.
   rElec:     It insulates you from electricity.
 v - the amulet of Vitality {RegenMP++ Regen++}
   (You found it in the Dungeon)

   [amulet of magic regeneration]

   It increases your rate of magic regeneration.
   Regen:     It increases your rate of health regeneration.
 x - an amulet of faith
 F - the ring "Zaheent" (left hand) {rElec rPois Will+ Str+4}
   (You found it in the Dungeon)

   [ring of willpower]

   Str:       It affects your strength (+4).
   rElec:     It insulates you from electricity.
   rPois:     It protects you from poison.
   Will:      It increases your willpower.
 J - the ring of Esyenea {Ice rElec rN+ Int+4 Stlth-}
   (You took it off a purple draconian in the Dungeon)

   [ring of ice]

   It enhances your ice magic.
   Int:       It affects your intelligence (+4).
   rF:        It makes you vulnerable to fire.
   rC:        It protects you from cold.
   rElec:     It insulates you from electricity.
   rN:        It protects you from negative energy.
   Stlth:     It makes you less stealthy.
Wands
 b - a wand of flame (36)
 z - a wand of charming (68)
 A - a wand of mindburst (19)
 B - a wand of acid (22)
 H - a wand of roots (29)
 I - a wand of polymorph (11)
 K - a wand of digging (12)
Scrolls
 c - 4 scrolls of brand weapon
 j - 4 scrolls of blinking
 o - 4 scrolls of amnesia
 p - 7 scrolls of fog
 q - 5 scrolls of identify
 r - 2 scrolls of fear
 s - 4 scrolls of enchant armour
Potions
 d - 5 potions of might
 e - 10 potions of curing
 g - 7 potions of haste
 h - 7 potions of magic
 i - 2 potions of berserk rage
 k - 2 potions of brilliance
 m - 2 potions of resistance
Miscellaneous
 t - a phial of floods
 u - a condenser vane
 w - a box of beasts


   Skills:
 + Level 25.5 Fighting
 + Level 23.6 Axes
 + Level 23.6 Armour
 + Level 24.6 Dodging
 + Level 25.1 Shields
 + Level 25.3 Evocations


You had 17 spell levels left.
You didn't know any spells.
Your spell library contained the following spells:

 Spells                   Type           Power      Damage    Failure   Level
 Beastly Appendage        Tmut           0%         N/A       77%         1
 Freeze                   Ice            0%         1d3       77%         1
 Kiss of Death            Conj/Necr      0%         2d5       77%         1
 Summon Small Mammal      Summ           0%         N/A       77%         1
 Blink                    Tloc           0%         N/A       88%         2
 Cigotuvi's Dreadful Rot  Necr/Pois/Air  0%         N/A       88%         2
 Momentum Strike          Conj/Tloc      0%         3d8       88%         2
 Passwall                 Tmut/Erth      0%         N/A       88%         2
 Poisonous Vapours        Pois/Air       0%         N/A       88%         2
 Scorch                   Fire           0%         2d5       88%         2
 Call Canine Familiar     Summ           0%         N/A       98%         3
 Confusing Touch          Hex            0%         N/A       98%         3
 Dazzling Flash           Conj/Hex       0%         N/A       98%         3
 Ignite Poison            Fire/Tmut/Pois 0%         N/A       98%         3
 Inner Flame              Hex/Fire       0%         N/A       98%         3
 Ozocubu's Armour         Ice            0%         N/A       98%         3
 Portal Projectile        Hex/Tloc       0%         N/A       98%         3
 Spider Form              Tmut/Pois      0%         N/A       98%         3
 Stone Arrow              Conj/Erth      0%         3d7       98%         3
 Summon Guardian Golem    Hex/Summ       0%         N/A       98%         3
 Swiftness                Air            0%         N/A       98%         3
 Tukima's Dance           Hex            0%         N/A       98%         3
 Vampiric Draining        Necr           0%         2d6       98%         3
 Vhi's Electric Charge    Tloc/Air       0%         N/A       98%         3
 Volatile Blastmotes      Fire/Tloc      0%         2d10      98%         3
 Anguish                  Hex/Necr       0%         N/A       100%        4
 Animate Armour           Summ/Erth      0%         N/A       100%        4
 Animate Dead             Necr           0%         N/A       100%        4
 Cause Fear               Hex            0%         N/A       100%        4
 Dispel Undead            Necr           0%         3d6       100%        4
 Flame Wave               Conj/Fire      0%         2d4       100%        4
 Fulminant Prism          Conj/Hex       0%         3d5       100%        4
 Iskenderun's Mystic Bla  Conj/Tloc      0%         2d3       100%        4
 Leda's Liquefaction      Hex/Erth       0%         N/A       100%        4
 Manifold Assault         Tloc           0%         N/A       100%        4
 Olgreb's Toxic Radiance  Pois           0%         N/A       100%        4
 Passage of Golubria      Tloc           0%         N/A       100%        4
 Petrify                  Tmut/Erth      0%         N/A       100%        4
 Sticky Flame             Conj/Fire      0%         2d3       100%        4
 Summon Ice Beast         Ice/Summ       0%         N/A       100%        4
 Summon Lightning Spire   Summ/Air       0%         N/A       100%        4
 Alistair's Intoxication  Tmut/Pois      0%         N/A       100%        5
 Arcjolt                  Conj/Air       0%         1d10      100%        5
 Blade Hands              Tmut           0%         N/A       100%        5
 Borgnjor's Vile Clutch   Necr/Erth      0%         N/A       100%        5
 Fireball                 Conj/Fire      0%         3d3       100%        5
 Freezing Cloud           Conj/Ice/Air   0%         6-21      100%        5
 Irradiate                Conj/Tmut      0%         3d11      100%        5
 Iskenderun's Battlesphe  Conj           0%         2d6       100%        5
 Lee's Rapid Deconstruct  Erth           0%         3d4*      100%        5
 Metabolic Englaciation   Hex/Ice        0%         N/A       100%        5
 Silence                  Hex/Air        0%         N/A       100%        5
 Summon Mana Viper        Hex/Summ       0%         N/A       100%        5
 Yara's Violent Unravell  Hex/Tmut       0%         3d3       100%        5
 Conjure Ball Lightning   Conj/Air       0%         3x3d6     100%        6
 Dispersal                Tloc           0%         N/A       100%        6
 Eringya's Noxious Bog    Tmut/Pois      0%         N/A       100%        6
 Iron Shot                Conj/Erth      0%         9d1       100%        6
 Simulacrum               Ice/Necr       0%         N/A       100%        6
 Starburst                Conj/Fire      0%         6d3       100%        6
 Statue Form              Tmut/Erth      0%         N/A       100%        6
 Summon Cactus Giant      Summ           0%         N/A       100%        6
 Dragon Form              Tmut           0%         N/A       100%        7
 Enfeeble                 Hex            0%         N/A       100%        7
 Haunt                    Necr/Summ      0%         N/A       100%        7
 Malign Gateway           Summ/Tloc      0%         N/A       100%        7
 Orb of Destruction       Conj           0%         9d5       100%        7
 Ozocubu's Refrigeration  Ice            0%         4d7       100%        7
 Spellforged Servitor     Conj/Summ      0%         N/A       100%        7
 Storm Form               Tmut/Air       0%         N/A       100%        7
 Discord                  Hex            0%         N/A       100%        8
 Disjunction              Tloc           0%         N/A       100%        8
 Ignition                 Fire           0%         3d3       100%        8
 Infestation              Necr           0%         N/A       100%        8
 Lehudib's Crystal Spear  Conj/Erth      0%         10d2      100%        8
 Maxwell's Capacitive Co  Air            0%         ∞         100%        8
 Summon Horrible Things   Summ           0%         N/A       100%        8
 Dragon's Call            Summ           0%         N/A       100%        9
 Fire Storm               Conj/Fire      0%         5d1       100%        9
 Polar Vortex             Ice            0%         N/A       100%        9


Dungeon Overview and Level Annotations

Branches:
Dungeon (1/1)

Altars:
Ashenzari
Cheibriados
Dithmenos
Fedhas
Gozag
Hepliaklqana
Kikubaaqudgha
Makhleb
Nemelex Xobeh
Okawaru
Qazlal
Ru
Sif Muna
Trog
Uskayaw
Vehumet
Wu Jian
Xom
Yredelemnul
Jiyva
Lugonu


Innate Abilities, Weirdness & Mutations

You have hooves in place of feet.
You are completely covered in large bone plates. (SH +8)
A meltable icy envelope protects you from harm. (AC +4)
You regenerate health from kills.
A meltable shield of frost defends you. (SH +4)
You are agile. (Dex +4, Str/Int -1)
You are extremely strong-willed. (Will+++)
You are robust. (+10% HP)
Your muscles are strong. (Str +4, Int/Dex -1)
Your body has grown eyes which may confuse attackers. (Acc +3)
Your gelatinous body deflects attacks. (AC +3, EV +3)
Armour fits poorly on your massive pseudopods.
You are covered in slimy tendrils that may disarm your opponents.
You have a small jelly attached to you that senses nearby items.
You have a small jelly attached to you that may absorb projectiles.


Message History

B - a wand of acid (18) (gained 6 charges)
You hear a distant slurping noise. x2
B - a wand of acid (22) (gained 4 charges)
You hear a distant slurping noise.
You see here a +0 battleaxe.
You hear a distant slurping noise.
You see here a +1 falchion of electrocution.
You hear a distant slurping noise.
You pick up Jadghaawi's Treatise on Bloody Injury and begin reading...
You add the spell Freezing Cloud to your library.
You hear a distant slurping noise.
You hear a squelching noise.
You see here a +1 falchion of electrocution.
You hear a distant slurping noise. x3
You pick up a manual of Air Magic and begin studying.
You see here the +7 broad axe of an ossuary {protect, Str+3 Int-5 SInv}.
You hear a distant slurping noise.
You see here a +5 sling.
You hear a distant slurping noise.
You see here a +0 hand axe.
You see here the Directory of Hapless Infection.
You see here a +0 glaive.
You see here a +2 robe of willpower.
Okay, then.
Okay, then.
There is a transporter here.
You feel protected.
You feel very mighty all of a sudden.
You feel yourself speed up.
Okay, then.
An exit appears before you!
You enter the transporter and appear at another place.
Found the Orb of Zot.
Found a staircase leading out of the dungeon.
You see here the Orb of Zot.
You pick up the Orb of Zot!
The Orb lets out a hideous shriek!
The lords of Pandemonium are not amused.
Beware!
Now all you have to do is get back out of the dungeon!
There is a staircase leading out of the dungeon here.
You can't go down here!
You have escaped!

............▓..▓.))....▓..▓...8©8
............▓.▓▓▓.).).▓▓▓.▓......
............▓..▓....)..▓..▓..|[..
............▓.............▓...4..
............▓......©......▓......
............▓▓▓▓▓▓▓▓▓▓▓▓▓▓▓......
▓.))....▓...▓8888888888888▓......
▓▓†))..▓▓▓..▓8.§.........8▓..▓...
▓.).)...▓...▓8..@.....©..8▓......
.).).†..)...▓8........J..8▓....©.
....©.......▓8888888888888▓▓▓▓▓▓▓
▓▓▓▓▓▓▓▓▓▓▓▓▓▓▓▓▓▓▓▓▓▓▓▓▓▓▓▓▓▓▓▓▓
.J...8©8...J....▓........8©8.....
.J....[)..)J..).▓..[.....)[......
.............=..▓....)..)....:...
.....J.."..|.=..▓.=.......C......
................▓......D.|)......


You could see a neutral jelly (wandering) (fellow slime).

Vanquished Creatures
  A Killer Klown (D)
  5 caustic shrikes (D)
  A golden dragon (D)
  An iron giant (D)
  6 Hell Sentinels (D)
  3 tentacled monstrosities (D)
  An electric golem (D)
  14 Orb Guardians (D)
  4 liches (D)
  2 quicksilver dragons (D)
  3 deep elf master archers (D)
  A titan (D)
  2 deep elf blademasters (D)
  A death cob (D)
  4 ancient champions (D)
  5 storm dragons (D)
  2 shadow dragons (D)
  8 quicksilver elementals (D)
  An iron dragon (D)
  A nagaraja (D)
  5 fire giants (D)
  6 deep elf sorcerers (D)
  An orc warlord (D)
  2 ghost moths (D)
  3 ghouls (D)
  2 balrugs (D)
  4 war gargoyles (D)
  A draconian annihilator (D)
  3 green draconians (D)
  5 black draconians (D)
  A vampire knight (D)
  7 purple draconians (D)
  4 deep elf annihilators (D)
  A deep elf demonologist (D)
  7 yellow draconians (D)
  A red draconian (D)
  5 white draconians (D)
  A dire elephant (D)
  A blizzard demon (D)
  An ettin (D)
  6 iron golems (D)
  6 deep elf high priests (D)
  A rakshasa (D)
  A hydra (D)
  7 spriggan air magi (D)
  A catoblepas (D)
  A stoker (D)
  2 salamander tyrants (D)
  An anaconda (D)
  4 dancing weapons (D)
  4 naga warriors (D)
  A death yak (D)
  An orc high priest (D)
  3 hell hogs (D)
  4 vampire magi (D)
  6 crystal echidnas (D)
  8 skeletal warriors (D)
  2 deep elf knights (D)
  A sixfirhy (D)
  A spriggan druid (D)
  3 deep elf archers (D)
  2 deep elf zephyrmancers (D)
  7 necromancers (D)
  A deep elf pyromancer (D)
  An orc knight (D)
  An elephant (D)
  8 black mambas (D)
  A draconian (D)
  A moth of wrath (D)
  3 guardian serpents (D)
  2 naga magi (D)
  5 cane toads (D)
  A torpor snail (D)
  A large abomination (D)
  6 komodo dragons (D)
  5 hellions (D)
  A tormentor (D)
  A hellwing (D)
  A troll (D)
  A wind drake (D)
  A blink frog (D)
  2 hornets (D)
  7 air elementals (D)
  Sigmund (D)
  2 vampires (D)
  3 spriggans (D)
  2 yaks (D)
  6 shadows (D)
  A ynoxinul (D)
  2 small abominations (D)
  2 fire elementals (D)
  A warg (D)
  2 nagas (D)
  9 water moccasins (D)
  A hell hound (D)
  3 swamp drakes (D)
  2 ogres (D)
  3 wolves (D)
  2 bullfrogs (D)
  2 necrophages (D)
  4 earth elementals (D)
  A scorpion (D)
  6 wights (D)
  2 quasits (D)
  An orc priest (D)
  3 iron imps (D)
  2 starcursed masses (D)
  Jessica (D)
  An orc wizard (D)
  An iguana (D)
  3 adders (D)
  A river rat (D)
  2 shadow imps (D)
  2 white imps (D)
  7 adder zombies (D)
  An adder skeleton (D)
  A bat skeleton (D)
  A bat zombie (D)
  2 jackals (D)
  A ball python skeleton (D)
  A ball python zombie (D)
  A jackal skeleton (D)
  3 quokka zombies (D)
  A spectral weapon (D)
343 creatures vanquished.

Vanquished Creatures (collateral kills)
  A dread lich (D)
  A curse toe (D)
  A caustic shrike (D)
  An iron giant (D)
  A deep elf blademaster (D)
  A deep elf master archer (D)
  3 searing wretches (D)
  A fire giant (D)
  A deep elf sorcerer (D)
  A green draconian (D)
  2 red draconians (D)
  2 yellow draconians (D)
  An iron golem (D)
  A deep elf high priest (D)
  A spriggan air mage (D)
  A stoker (D)
  5 dancing weapons (D)
  A hell hog (D)
  2 deep elf archers (D)
  A deep elf pyromancer (D)
  An orc knight (D)
  A draconian (D)
  A naga mage (D)
  A guardian serpent (D)
  2 cane toads (D)
  A komodo dragon (D)
  A hellion (D)
  2 rime drakes (D)
  A polar bear (D)
  A hornet (D)
  2 wind drakes (D)
  An air elemental (D)
  A spriggan (D)
  A wyvern (D)
  A basilisk (D)
  A neqoxec (D)
  A naga (D)
  4 water moccasins (D)
  3 hell hounds (D)
  A black bear (D)
  2 wights (D)
  An orc priest (D)
  2 orc wizards (D)
  A white imp (D)
  An adder zombie (D)
  An orc (D)
  A bat skeleton (D)
66 creatures vanquished.

Vanquished Creatures (others)
  An acid blob (shapeshifter) (D)
  An ancient champion (D)
  A sphinx (shapeshifter) (D)
  A fenstrider witch (shapeshifter) (D)
  A rockslime (shapeshifter) (D)
  An azure jelly (shapeshifter) (D)
  A stone giant (shapeshifter) (D)
  An entropy weaver (shapeshifter) (D)
  A fire dragon (shapeshifter) (D)
  A satyr (shapeshifter) (D)
  2 fire crabs (shapeshifter) (D)
  A glowing orange brain (shapeshifter) (D)
  A death drake (shapeshifter) (D)
  A lindwurm (shapeshifter) (D)
  A mana viper (shapeshifter) (D)
  A wolf spider (shapeshifter) (D)
  A cyclops (shapeshifter) (D)
  A salamander (shapeshifter) (D)
  A moth of wrath (shapeshifter) (D)
  A water nymph (shapeshifter) (D)
  2 torpor snails (shapeshifter) (D)
  A cane toad (shapeshifter) (D)
  An unseen horror (shapeshifter) (D)
  A yaktaur (shapeshifter) (D)
  A slime creature (shapeshifter) (D)
  A dream sheep (shapeshifter) (D)
  A raiju (shapeshifter) (D)
  2 hogs (shapeshifter) (D)
  A steam dragon (shapeshifter) (D)
  3 wargs (shapeshifter) (D)
  2 floating eyes (shapeshifter) (D)
  7 jellies (D)
  An orc (shapeshifter) (D)
  2 ball pythons (D)
  A rat (shapeshifter) (D)
48 creatures vanquished.

Grand Total: 457 creatures vanquished

Notes
Turn   | Place    | Note
-------+----------+-------------------------------------------
     0 | D        | Revguard the Demonspawn Fighter began the quest for the
                  | Orb.
     0 | D        | Reached XP level 1. HP: 18/18 MP: 1/1
     4 | D        | Found a shimmering blue altar of Sif Muna.
     4 | D        | Found a bloodstained altar of Trog.
     4 | D        | Found a sacrificial altar of Ru.
     4 | D        | Found a stormy altar of Qazlal.
     4 | D        | Found an iron altar of Okawaru.
     5 | D        | Found a sparkling altar of Nemelex Xobeh.
     5 | D        | Found a blossoming altar of Fedhas.
     5 | D        | Found the +6 Majin-Bo {spellvamp, MP+6 Int+6}
     5 | D        | Found the +27 heavy crossbow "Sniper" {heavy, Acc+∞ SInv}
     5 | D        | Found the +10 dark maul {heavy}
     5 | D        | Found the +15 Maxwell's patent armour {-Cast -Tele rElec
                  | Will+ rCorr}
     5 | D        | Found the +18 shield of the Gong {Loud rN+ Will+ rCorr
                  | EV-5}
     5 | D        | Found the +16 obsidian axe {drain, demonic, Mesm Drain Fly
                  | SInv}
     5 | D        | Found the +7 great mace "Firestarter" {flame, immolate,
                  | rFlCloud rF++}
     5 | D        | Found the +6 shillelagh "Devastator" {shatter}
     5 | D        | Found the +11 plutonium sword {Contam Stlth-}
     5 | D        | Found the +8 lance "Wyrmbane" {slay drac, rPois rF+ rC+
                  | AC+3}
     5 | D        | Found the +9 sword of Zonguldrok {reap}
     5 | D        | Found the +13 scythe of Curses {drain, curses, Drain}
     5 | D        | Found the +9 sword of Power {lifebolt}
     5 | D        | Found the +7 mace of Variability {chaos, chaos arc}
     5 | D        | Found the +11 Singing Sword {sonic wave}
     5 | D        | Found the +8 storm bow {elec, penet}
     7 | D        | Found a transporter.
     7 | D        | Found an ancient bone altar of Kikubaaqudgha.
     7 | D        | Found a viscous altar of Jiyva.
     7 | D        | Found a corrupted altar of Lugonu.
     7 | D        | Found a hazy altar of Hepliaklqana.
     7 | D        | Found a burning altar of Makhleb.
     7 | D        | Found an opulent altar of Gozag.
   114 | D        | Became a worshipper of Jiyva Juloskid the Shapeless
   118 | D        | Gained mutation: You have large cloven feet. [demonic
                  | ancestry]
   118 | D        | Reached XP level 2. HP: 25/25 MP: 2/2
   118 | D        | Killed a hog
   119 | D        | Killed a satyr
   120 | D        | Entered arena 2.
   120 | D        | Noticed Sigmund
   120 | D        | Noticed Jessica
   120 | D        | Killed a warg
   120 | D        | Killed a torpor snail
   120 | D        | Found a transporter.
   121 | D        | Killed a floating eye
   122 | D        | Killed Sigmund
   123 | D        | Reached skill level 5 in Fighting
   123 | D        | Reached skill level 5 in Axes
   123 | D        | Reached skill level 5 in Shields
   123 | D        | Gained mutation: You have hoof-like feet. [demonic
                  | ancestry]
   123 | D        | Reached XP level 3. HP: 33/33 MP: 3/3
   123 | D        | Gained mutation: You regenerate a little health from kills.
                  | [demonic ancestry]
   123 | D        | Reached XP level 4. HP: 39/39 MP: 4/4
   123 | D        | Reached XP level 5. HP: 44/44 MP: 5/5
   123 | D        | Killed Jessica
   123 | D        | Killed a slime creature
   123 | D        | Killed a rockslime
   123 | D        | Killed a warg
   124 | D        | Killed a cyclops
   124 | D        | Killed a lindwurm
   124 | D        | Killed an acid blob
   125 | D        | Killed a glowing orange brain
   128 | D        | Entered arena 3.
   128 | D        | Noticed a swamp drake
   128 | D        | Noticed a swamp drake
   128 | D        | Noticed a swamp drake
   128 | D        | Found a transporter.
   128 | D        | Killed a torpor snail
   128 | D        | Killed a warg
   129 | D        | Killed a cane toad
   129 | D        | Killed a water nymph
   129 | D        | Killed a hog
   129 | D        | Killed an entropy weaver
   130 | D        | Killed a salamander
   131 | D        | Killed an azure jelly
   132 | D        | Killed a swamp drake
   132 | D        | Killed a swamp drake
   133 | D        | Reached skill level 5 in Armour
   133 | D        | Reached skill level 5 in Dodging
   133 | D        | Reached skill level 5 in Evocations
   133 | D        | Reached XP level 6. HP: 50/53 MP: 6/6
   134 | D        | Killed a swamp drake
   135 | D        | Killed a yaktaur
   135 | D        | Killed a fire dragon
   136 | D        | Killed a dream sheep
   137 | D        | Killed a sphinx
   137 | D        | Killed a moth of wrath
   139 | D        | Got the amulet "Pil Zey" {Spirit rElec rC+ Str+4 Dex-3}
   139 | D        | Killed a steam dragon
   141 | D        | Killed a wolf spider
   141 | D        | Killed a fire crab
   142 | D        | Killed a fire crab
   144 | D        | Killed a raiju
   144 | D        | Killed a fenstrider witch
   145 | D        | Killed a death drake
   145 | D        | Killed a floating eye
   147 | D        | Killed a stone giant
   153 | D        | Killed a mana viper
   157 | D        | Killed an unseen horror
   295 | D        | Entered arena 4.
   295 | D        | Reached * piety under Jiyva
   295 | D        | Found a transporter.
   301 | D        | Gained mutation: You have hooves in place of feet. [demonic
                  | ancestry]
   301 | D        | Reached XP level 7. HP: 59/59 MP: 7/7
   306 | D        | Entered arena 5.
   306 | D        | Found a transporter.
   321 | D        | Entered arena 6.
   321 | D        | Found a transporter.
   330 | D        | Got the ring "Zaheent" {rElec rPois Will+ Str+4}
   336 | D        | Entered arena 7.
   336 | D        | Found the +3 greatsling "Punk" {acid, rCorr}
   337 | D        | Found a transporter.
   341 | D        | Reached XP level 8. HP: 68/68 MP: 8/8
   348 | D        | Entered arena 8.
   348 | D        | Noticed an air elemental
   348 | D        | Noticed an air elemental
   348 | D        | Noticed a wind drake
   348 | D        | Noticed an air elemental
   348 | D        | Noticed an air elemental
   348 | D        | Noticed a wind drake
   348 | D        | Reached ** piety under Jiyva
   348 | D        | Paralysed by an air elemental for 1 turns
   349 | D        | Found a transporter.
   351 | D        | Paralysed by an air elemental for 1 turns
   352 | D        | Killed an air elemental
   354 | D        | Killed an air elemental
   354 | D        | Killed a wind drake
   355 | D        | Killed an air elemental
   355 | D        | Paralysed by an air elemental for 1 turns
   357 | D        | Killed an air elemental
   357 | D        | Killed a wind drake
   358 | D        | Reached XP level 9. HP: 44/76 MP: 5/9
   372 | D        | Entered arena 9.
   372 | D        | Noticed a white draconian
   372 | D        | Noticed a green draconian
   372 | D        | Noticed a green draconian
   372 | D        | Noticed a purple draconian
   372 | D        | Noticed a draconian
   372 | D        | Noticed a red draconian
   372 | D        | Noticed a draconian
   373 | D        | Found a transporter.
   373 | D        | Killed a draconian
   382 | D        | Killed a draconian
   382 | D        | Killed a green draconian
   383 | D        | Reached skill level 10 in Fighting
   385 | D        | Killed a purple draconian
   385 | D        | Killed a white draconian
   385 | D        | Killed a red draconian
   386 | D        | Reached skill level 10 in Axes
   386 | D        | Reached skill level 10 in Shields
   386 | D        | Reached skill level 10 in Evocations
   386 | D        | Reached XP level 10. HP: 48/86 MP: 6/10
   386 | D        | Killed a green draconian
   387 | D        | Reached skill level 10 in Armour
   413 | D        | Entered arena 10.
   413 | D        | Noticed a deep elf pyromancer
   413 | D        | Noticed a +3 long sword of holy wrath
   413 | D        | Noticed a deep elf zephyrmancer
   413 | D        | Noticed a +1 scimitar of electrocution
   413 | D        | Noticed a deep elf knight
   414 | D        | Found a transporter.
   416 | D        | Killed a +1 scimitar of electrocution
   416 | D        | Paralysed by an air elemental for 1 turns
   417 | D        | Reached skill level 10 in Dodging
   420 | D        | Killed a deep elf pyromancer
   421 | D        | Killed a deep elf knight
   422 | D        | Reached XP level 11. HP: 48/94 MP: 7/11
   427 | D        | Killed a +3 long sword of holy wrath
   427 | D        | Killed a deep elf zephyrmancer
   443 | D        | Entered arena 11.
   443 | D        | Noticed a spriggan rider
   443 | D        | Noticed a spriggan rider
   443 | D        | Noticed a spriggan druid
   443 | D        | Noticed a spriggan rider
   443 | D        | Reached *** piety under Jiyva
   443 | D        | Gained mutation: Your system is resistant to poisons.
                  | (rPois) [Jiyva's grace]
   443 | D        | Gained mutation: Your body has grown eyes which may confuse
                  | attackers. (Acc +3) [Jiyva's grace]
   443 | D        | Gained mutation: Your body has grown many eyes which may
                  | confuse attackers. (Acc +5) [Jiyva's grace]
   443 | D        | Gained mutation: Your body is covered in eyes which may
                  | confuse attackers. (Acc +7, SInv) [Jiyva's grace]
   444 | D        | Found a transporter.
   452 | D        | Killed a spriggan druid
   468 | D        | Got the Papyrus of Amorphous Venom
   470 | D        | Got the +1 cloak "Gaux" {rElec Regen+ Stlth-}
   487 | D        | Entered arena 12.
   487 | D        | Noticed an ettin
   487 | D        | Noticed an orc knight
   487 | D        | Noticed an orc high priest
   487 | D        | Noticed an orc knight
   487 | D        | Noticed an orc warlord
   488 | D        | Identified the staff of air "Opat" {rElec Will+ Str-2
                  | Int+6}
   489 | D        | Found a transporter.
   501 | D        | Killed an orc knight
   502 | D        | Killed an ettin
   504 | D        | Killed an orc knight
   505 | D        | Killed an orc warlord
   512 | D        | Killed an orc high priest
   528 | D        | Got Willworking and You
   530 | D        | Got the Omnibus of Ignition and the Assassin
   536 | D        | Entered arena 13.
   536 | D        | Noticed a war gargoyle
   536 | D        | Noticed an iron golem
   536 | D        | Noticed a caustic shrike
   536 | D        | Noticed an iron golem
   536 | D        | Noticed a war gargoyle
   536 | D        | Noticed an ancient champion
   536 | D        | Noticed an ancient champion
   536 | D        | Noticed a war gargoyle
   536 | D        | Noticed an iron dragon
   537 | D        | Noticed an ancient champion
   545 | D        | Gained mutation: A meltable shield of frost defends you.
                  | (SH +4) [demonic ancestry]
   545 | D        | Reached XP level 12. HP: 8/105 MP: 0/12
   547 | D        | HP: 4/105 [caustic shrike (13)]
   547 | D        | HP: 1/105 [acid (3)]
   551 | D        | Killed a war gargoyle
   554 | D        | Killed a caustic shrike
   554 | D        | Killed a war gargoyle
   558 | D        | Killed a war gargoyle
   559 | D        | Killed an ancient champion
   560 | D        | Killed an ancient champion
   564 | D        | Killed an ancient champion
   565 | D        | Killed an iron dragon
   577 | D        | Killed an iron golem
   583 | D        | Killed an iron golem
   590 | D        | Found a transporter.
   608 | D        | Got the ring of Ifiptal {Fly rF++ Dex-5 SInv}
   614 | D        | Acquired a manual of Shields
   621 | D        | Entered arena 14.
   621 | D        | Reached **** piety under Jiyva
   622 | D        | Found the ring of the Octopus King {rF+ HP+2 AC+2 EV+2
                  | SH+2}
   624 | D        | Found a transporter.
   637 | D        | Got a ring of the Octopus King {rF+ HP+2 AC+2 EV+2 SH+2}
   639 | D        | Got the Tome of Composition and Shades
   669 | D        | Entered arena 15.
   669 | D        | Noticed an acid blob
   670 | D        | Found the +3 Elemental Staff {rElec rF+ rC+ AC+3}
   672 | D        | Found a transporter.
   673 | D        | Reached ***** piety under Jiyva
   684 | D        | Entered arena 16.
   685 | D        | Noticed a vampire mage
   686 | D        | Identified the +0 leather armour "Qexen" {Fly rN+}
   688 | D        | Found a transporter.
   691 | D        | Killed a vampire mage
   692 | D        | Reached XP level 13. HP: 114/114 MP: 13/13
   732 | D        | Entered arena 17.
   732 | D        | Gained mutation: Your flesh is heat resistant. (rF+)
                  | [Jiyva's grace]
   732 | D        | Gained mutation: Your flesh is very heat resistant. (rF++)
                  | [Jiyva's grace]
   732 | D        | Gained mutation: Your flesh is almost immune to the effects
                  | of heat. (rF+++) [Jiyva's grace]
   732 | D        | Gained mutation: You are strong-willed. (Will+) [Jiyva's
                  | grace]
   735 | D        | Noticed a storm dragon
   735 | D        | Noticed a storm dragon
   735 | D        | Noticed a titan
   735 | D        | Found the amulet of Vitality {RegenMP++ Regen++}
   739 | D        | Reached skill level 15 in Fighting
   742 | D        | Reached skill level 15 in Shields
   742 | D        | Killed a storm dragon
   743 | D        | Reached skill level 15 in Evocations
   744 | D        | Killed a storm dragon
   746 | D        | Killed a titan
   752 | D        | Found a transporter.
   790 | D        | Got the ring "Kipucoub" {Ice +Blink rCorr Str+5 Int-5}
   792 | D        | Got Sif Muna's Guide on Hot Reformation
   817 | D        | Entered arena 18.
   821 | D        | Noticed a blizzard demon
   821 | D        | Noticed a starcursed mass
   824 | D        | Found a transporter.
   831 | D        | Killed a blizzard demon
   834 | D        | Killed a starcursed mass
  1060 | D        | Entered arena 19.
  1062 | D        | Reached ****** piety under Jiyva
  1063 | D        | Noticed a deep elf annihilator
  1063 | D        | Noticed a deep elf sorcerer
  1063 | D        | Noticed a deep elf sorcerer
  1063 | D        | Noticed a deep elf sorcerer
  1064 | D        | Noticed a deep elf annihilator
  1064 | D        | Identified the +0 trident of the Unkillable {freeze,
                  | Fragile +Blink rCorr Dex+2}
  1064 | D        | Identified the amulet of Liawnoip {Acrobat rElec Will+}
  1064 | D        | Noticed a deep elf master archer
  1064 | D        | Noticed a deep elf annihilator
  1067 | D        | Killed a deep elf annihilator
  1068 | D        | Reached skill level 15 in Axes
  1068 | D        | Reached skill level 15 in Armour
  1072 | D        | Killed a deep elf sorcerer
  1072 | D        | Killed a deep elf sorcerer
  1073 | D        | Reached skill level 15 in Dodging
  1073 | D        | Gained mutation: You are partially covered in large bone
                  | plates. (SH +4) [demonic ancestry]
  1073 | D        | Reached XP level 14. HP: 124/126 MP: 14/14
  1074 | D        | Found a transporter.
  1074 | D        | Killed a deep elf master archer
  1076 | D        | Killed a deep elf sorcerer
  1213 | D        | Got the Tractate on Stormy Teratogeny
  1220 | D        | Got the ring of the Swan {rElec rPois Str+2}
  1230 | D        | Got the ring "Nuwunous" {Str+2 Int+6 Dex+3}
  1234 | D        | Got the ring "Veapou Ylit" {rC- Will++ MP+9 Str+4}
  1245 | D        | Entered arena 20.
  1246 | D        | Lost mutation: Your flesh is almost immune to the effects
                  | of heat. (rF+++) [Jiyva's grace]
  1246 | D        | Lost mutation: Your body is covered in eyes which may
                  | confuse attackers. (Acc +7, SInv) [Jiyva's grace]
  1246 | D        | Lost mutation: Your body has grown many eyes which may
                  | confuse attackers. (Acc +5) [Jiyva's grace]
  1246 | D        | Gained mutation: You have a small jelly attached to you
                  | that senses nearby items. [Jiyva's grace]
  1246 | D        | Gained mutation: You are agile. (Dex +4, Str/Int -1)
                  | [Jiyva's grace]
  1246 | D        | Gained mutation: You are very agile. (Dex +8, Str/Int -2)
                  | [Jiyva's grace]
  1246 | D        | Gained mutation: You have a small jelly attached to you
                  | that may absorb projectiles. [Jiyva's grace]
  1250 | D        | Noticed a balrug
  1250 | D        | Noticed a fire giant
  1250 | D        | Noticed a fire giant
  1250 | D        | Noticed a fire giant
  1250 | D        | Noticed a searing wretch
  1250 | D        | Noticed a fire giant
  1250 | D        | Noticed a fire giant
  1250 | D        | Noticed a searing wretch
  1250 | D        | Noticed a searing wretch
  1250 | D        | Noticed a dread lich
  1250 | D        | Noticed a balrug
  1251 | D        | Noticed a fire giant
  1253 | D        | Found a transporter.
  1257 | D        | Killed a balrug
  1259 | D        | Killed a fire giant
  1259 | D        | Killed a fire giant
  1263 | D        | Noticed a cacodemon
  1263 | D        | Killed a fire giant
  1263 | D        | Killed a fire giant
  1263 | D        | Killed a searing wretch
  1265 | D        | Killed a searing wretch
  1265 | D        | Killed a fire giant
  1267 | D        | Killed a fire giant
  1267 | D        | Killed a searing wretch
  1270 | D        | Killed a balrug
  1273 | D        | Killed a dread lich
  1274 | D        | Gained mutation: You are mostly covered in large bone
                  | plates. (SH +6) [demonic ancestry]
  1274 | D        | Reached XP level 15. HP: 52/137 MP: 3/15
  1389 | D        | Got the ring "Icker" {rN+ Str+4}
  1413 | D        | Entered arena 21.
  1413 | D        | Identified the +8 scale mail "Qipynk" {rElec}
  1413 | D        | Noticed a deep elf sorcerer
  1413 | D        | Noticed a deep elf blademaster
  1413 | D        | Identified the staff of poison "Xeuty" {rPois rN+ Will+
                  | SInv}
  1413 | D        | Noticed a deep elf blademaster
  1413 | D        | Noticed a deep elf master archer
  1415 | D        | Noticed a deep elf sorcerer
  1416 | D        | Killed a deep elf sorcerer
  1417 | D        | Identified the +3 lajatang of Demonkind {speed, *Noise Fly
                  | rElec rC-}
  1419 | D        | Noticed a deep elf master archer
  1420 | D        | Killed a deep elf blademaster
  1421 | D        | Noticed a deep elf blademaster
  1423 | D        | Killed a deep elf blademaster
  1424 | D        | Identified the +5 falchion "Larchuduigi" {chaos, rF+ Dex+2
                  | Stlth+}
  1424 | D        | Noticed a deep elf sorcerer
  1424 | D        | Identified the ring of Reimbursement {Fly rElec rC+ Str-5
                  | Slay+3}
  1424 | D        | Noticed a deep elf master archer
  1424 | D        | Identified the ring "Baewoas" {rCorr Str+6}
  1424 | D        | Noticed a deep elf sorcerer
  1425 | D        | Killed a deep elf master archer
  1426 | D        | Noticed an Ice Fiend
  1427 | D        | Killed a deep elf sorcerer
  1429 | D        | Killed a deep elf blademaster
  1430 | D        | Killed a deep elf master archer
  1433 | D        | Killed a deep elf sorcerer
  1434 | D        | Killed a deep elf sorcerer
  1435 | D        | Killed a deep elf master archer
  1563 | D        | Found a transporter.
  1589 | D        | Got Ivvumone's Further Progress in Spellweaving
  1599 | D        | Entered arena 22.
  1612 | D        | Noticed a nagaraja
  1615 | D        | Killed a nagaraja
  1619 | D        | Lost mutation: You are very agile. (Dex +8, Str/Int -2)
                  | [Jiyva's grace]
  1619 | D        | Lost mutation: Your system is resistant to poisons. (rPois)
                  | [Jiyva's grace]
  1619 | D        | Gained mutation: You are covered in slimy tendrils that may
                  | disarm your opponents. [Jiyva's grace]
  1619 | D        | Gained mutation: You are robust. (+10% HP) [Jiyva's grace]
  1619 | D        | Gained mutation: You are very robust. (+20% HP) [Jiyva's
                  | grace]
  1619 | D        | Gained mutation: You are extremely robust. (+30% HP)
                  | [Jiyva's grace]
  1736 | D        | Found a transporter.
  1761 | D        | Got the Atlas of the Snake and Curses
  1777 | D        | Entered arena 23.
  1909 | D        | Found a transporter.
  1917 | D        | Got the amulet "Bofaitakk" {Regen+ rCorr Str+3}
  1919 | D        | Got the ring "Meriesoz" {Fire rN+ Dex+3}
  1921 | D        | Got the ring "Jiqozuho" {Will- rCorr Int+5}
  1926 | D        | Got the amulet of Finality {Reflect Str-5 Dex+3 SH+5}
  2024 | D        | Entered arena 24.
  2024 | D        | Noticed an iron giant
  2024 | D        | Noticed a quicksilver elemental
  2024 | D        | Noticed a quicksilver elemental
  2027 | D        | Noticed a Hell Sentinel
  2030 | D        | Noticed a caustic shrike
  2031 | D        | Killed a quicksilver elemental
  2032 | D        | Gained mutation: A meltable icy envelope protects you from
                  | harm. (AC +4) [demonic ancestry]
  2032 | D        | Reached XP level 16. HP: 158/195 MP: 13/16
  2032 | D        | Killed an iron giant
  2032 | D        | Noticed a caustic shrike
  2034 | D        | Noticed a caustic shrike
  2037 | D        | Noticed a Hell Sentinel
  2039 | D        | Noticed a caustic shrike
  2039 | D        | Noticed an iron giant
  2039 | D        | Noticed an ancient champion
  2041 | D        | Killed a caustic shrike
  2041 | D        | Noticed a Hell Sentinel
  2041 | D        | Killed a Hell Sentinel
  2042 | D        | Killed a caustic shrike
  2043 | D        | Noticed a Hell Sentinel
  2044 | D        | Killed a caustic shrike
  2045 | D        | Noticed a Hell Sentinel
  2045 | D        | Noticed a Hell Sentinel
  2046 | D        | Killed a caustic shrike
  2046 | D        | Noticed an ancient champion
  2053 | D        | Killed an iron giant
  2055 | D        | Killed a Hell Sentinel
  2056 | D        | Killed a Hell Sentinel
  2058 | D        | Killed a Hell Sentinel
  2060 | D        | Killed a Hell Sentinel
  2061 | D        | Killed an ancient champion
  2063 | D        | Killed a Hell Sentinel
  2069 | D        | Killed an ancient champion
  2095 | D        | Found the dreamshard necklace {*Dream Drain}
  2097 | D        | Found a transporter.
  2142 | D        | Entered arena 25.
  2142 | D        | Identified the +3 longbow of Zeggotun {flame, rN+ Int+5
                  | Stlth+}
  2142 | D        | Identified the +2 great sword "Demon's Foe" {heavy, rF+
                  | Str+2}
  2142 | D        | Identified the ring "Heqod" {rC+ rCorr Str+6 Dex+2}
  2142 | D        | Lost mutation: Your flesh is very heat resistant. (rF++)
                  | [Jiyva's grace]
  2142 | D        | Lost mutation: Your flesh is heat resistant. (rF+) [Jiyva's
                  | grace]
  2142 | D        | Lost mutation: You are strong-willed. (Will+) [Jiyva's
                  | grace]
  2142 | D        | Gained mutation: Your rubbery body absorbs attacks. (AC +1,
                  | EV +1) [Jiyva's grace]
  2142 | D        | Gained mutation: Your pliable body absorbs attacks. (AC +2,
                  | EV +2) [Jiyva's grace]
  2142 | D        | Gained mutation: Your gelatinous body deflects attacks. (AC
                  | +3, EV +3) [Jiyva's grace]
  2142 | D        | Gained mutation: Your muscles are strong. (Str +4, Int/Dex
                  | -1) [Jiyva's grace]
  2144 | D        | Identified the ring of the Ubiquitous God {*Slow Fly Int+3
                  | Dex+4}
  2146 | D        | Identified the +3 ring mail of Philately {rC+}
  2150 | D        | Noticed a lich
  2152 | D        | Noticed a lich
  2152 | D        | Noticed a lich
  2152 | D        | Identified the +2 leather armour "Roleppyc" {rElec}
  2152 | D        | Identified the +11 falchion of Tibar {pain, rCorr}
  2157 | D        | Killed a lich
  2157 | D        | Identified the staff of air "Bexkudgh" {Fragile rElec rN+++
                  | Str+3 Dex+3}
  2158 | D        | Noticed a lich
  2161 | D        | Identified the ring "Qetsipy" {rF++ Dex+6}
  2165 | D        | Killed a lich
  2169 | D        | Killed a lich
  2172 | D        | Gained mutation: You regenerate health from kills. [demonic
                  | ancestry]
  2172 | D        | Reached XP level 17. HP: 211/211 MP: 17/17
  2173 | D        | Killed a lich
  2212 | D        | Found a transporter.
  2252 | D        | Got the +0 pair of gloves "Vitrae" {rPois Str+2}
  2266 | D        | Got the Precepts of Impulse and the Burn
  2276 | D        | Entered arena 26.
  2276 | D        | Noticed an acid blob
  2276 | D        | Noticed an acid blob
  2278 | D        | Noticed an acid blob
  2281 | D        | Noticed an acid blob
  2281 | D        | Noticed an acid blob
  2281 | D        | Noticed an acid blob
  2283 | D        | Noticed an acid blob
  2286 | D        | Noticed an acid blob
  2287 | D        | Found the +12 glaive of Prune {freeze, Prune}
  2287 | D        | Found the +8 longbow "Zephyr" {speed, Dex+3 SInv}
  2288 | D        | Found a transporter.
  2293 | D        | Found the +8 mithril axe "Arga" {speed, Will+}
  2294 | D        | Noticed an acid blob
  2304 | D        | Got the ring of Xom's Recklessness {rPois Dex+5}
  2316 | D        | Lost mutation: You are extremely robust. (+30% HP) [Jiyva's
                  | grace]
  2316 | D        | Lost mutation: Your body has grown eyes which may confuse
                  | attackers. (Acc +3) [Jiyva's grace]
  2316 | D        | Gained mutation: Armour fits poorly on your pseudopods.
                  | [Jiyva's grace]
  2316 | D        | Gained mutation: Armour fits poorly on your large
                  | pseudopods. [Jiyva's grace]
  2316 | D        | Gained mutation: Armour fits poorly on your massive
                  | pseudopods. [Jiyva's grace]
  2316 | D        | Gained mutation: You are very agile. (Dex +8, Str/Int -2)
                  | [Jiyva's grace]
  2319 | D        | Entered arena 27.
  2326 | D        | Found the +4 Maxwell's thermic engine {flame, freeze, rev}
  2327 | D        | Found the +5 glaive of the Guard {elec, spectral, AC+5}
  2329 | D        | Found the +7 Spriggan's Knife {stab, EV+4 Stlth+}
  2329 | D        | Found the ring of the Hare {EV+10}
  2329 | D        | Found the +12 pair of quick blades "Gyre" and "Gimble"
                  | {protect}
  2330 | D        | Found the +5 robe of Night {Dark Will+ SInv}
  2330 | D        | a fire giant changed into a quicksilver dragon
  2330 | D        | Noticed a quicksilver dragon (glowing shapeshifter)
  2331 | D        | Found a transporter.
  2338 | D        | Found the +7 sceptre of Torment {pain, torment}
  2339 | D        | Got the Incunabulum of the Grim Winter
  2356 | D        | an alligator snapping turtle changed into a quicksilver
                  | dragon
  2356 | D        | Noticed a quicksilver dragon (glowing shapeshifter)
  2368 | D        | a quicksilver dragon changed into a fire giant
  2369 | D        | a fire giant changed into a quicksilver dragon
  2369 | D        | Noticed a quicksilver dragon (glowing shapeshifter)
  2373 | D        | a quicksilver dragon changed into a stone giant
  2374 | D        | Entered arena 28.
  2374 | D        | Noticed an Orb Guardian
  2375 | D        | Lost mutation: You are very agile. (Dex +8, Str/Int -2)
                  | [Jiyva's grace]
  2375 | D        | Lost mutation: You are very robust. (+20% HP) [Jiyva's
                  | grace]
  2375 | D        | Gained mutation: You are strong-willed. (Will+) [Jiyva's
                  | grace]
  2375 | D        | Gained mutation: You are highly strong-willed. (Will++)
                  | [Jiyva's grace]
  2375 | D        | Gained mutation: You are extremely strong-willed. (Will+++)
                  | [Jiyva's grace]
  2375 | D        | Gained mutation: Your body has grown eyes which may confuse
                  | attackers. (Acc +3) [Jiyva's grace]
  2378 | D        | Killed an Orb Guardian
  2379 | D        | Noticed an Orb Guardian
  2381 | D        | Noticed a caustic shrike
  2382 | D        | Noticed an Orb Guardian
  2383 | D        | Noticed an Orb Guardian
  2385 | D        | Noticed an Orb Guardian
  2385 | D        | Noticed an Orb Guardian
  2387 | D        | Killed a caustic shrike
  2388 | D        | Noticed a tentacled monstrosity
  2388 | D        | Noticed an electric golem
  2389 | D        | Noticed a quicksilver dragon
  2389 | D        | Killed an Orb Guardian
  2389 | D        | Noticed an Orb Guardian
  2389 | D        | Noticed a golden dragon
  2389 | D        | Noticed an Orb Guardian
  2390 | D        | Noticed an Orb Guardian
  2392 | D        | Killed an Orb Guardian
  2392 | D        | Identified the +7 great sword "Eruism" {spect, rElec Will-
                  | Int+2 Dex+2}
  2394 | D        | Killed an Orb Guardian
  2394 | D        | Identified the ring of Esyenea {Ice rElec rN+ Int+4 Stlth-}
  2394 | D        | Noticed an Orb Guardian
  2395 | D        | Killed an Orb Guardian
  2396 | D        | Noticed an Orb Guardian
  2397 | D        | Noticed a quicksilver dragon
  2398 | D        | Noticed a Killer Klown
  2399 | D        | Killed a tentacled monstrosity
  2401 | D        | Killed an Orb Guardian
  2401 | D        | Noticed a curse toe
  2404 | D        | Identified the +2 long sword of Growth {distort, *Rage
                  | rPois rN+ Stlth+}
  2406 | D        | Killed an electric golem
  2406 | D        | Killed a quicksilver dragon
  2406 | D        | Noticed an Orb Guardian
  2406 | D        | Identified the +7 flail of the Imbibing Gods {flame, rPois
                  | Str+4 Dex+2}
  2407 | D        | Killed a golden dragon
  2407 | D        | Noticed an Orb Guardian
  2408 | D        | Killed an Orb Guardian
  2408 | D        | Killed a quicksilver dragon
  2408 | D        | Killed an Orb Guardian
  2410 | D        | Killed an Orb Guardian
  2410 | D        | Killed an Orb Guardian
  2411 | D        | Noticed a tentacled monstrosity
  2411 | D        | Identified the +9 mace "Utrask" {heavy, Fragile rElec rCorr
                  | Dex+3}
  2413 | D        | Noticed a tentacled monstrosity
  2414 | D        | Killed a Killer Klown
  2415 | D        | Killed an Orb Guardian
  2419 | D        | Killed an Orb Guardian
  2421 | D        | Killed a curse toe
  2423 | D        | Killed a tentacled monstrosity
  2424 | D        | Gained mutation: You are completely covered in large bone
                  | plates. (SH +8) [demonic ancestry]
  2424 | D        | Reached XP level 18. HP: 105/194 MP: 6/18
  2427 | D        | Killed a tentacled monstrosity
  2433 | D        | Noticed an Orb Guardian
  2435 | D        | Killed an Orb Guardian
  2441 | D        | Killed an Orb Guardian
  2497 | D        | Found a transporter.
  2519 | D        | Got Humm's Directory of Anathema and Wanderlust
  2538 | D        | Got Jadghaawi's Treatise on Bloody Injury
  2559 | D        | Got the Orb of Zot
  2564 | D        | Escaped with the Orb!

Illustrated notes

Levels and vault maps discovered:
D:        sprint_v [room_start, room_1, room_2, room_3, room_4, room_5, room_6,
          room_7, room_8, room_9, room_10, room_11, room_12, room_13, room_14,
          room_15, room_16, room_17, room_18, room_19, room_20, room_21,
          room_22, room_23, room_24, room_25, room_26, room_27]

Skill      XL: |  1  2  3  4  5  6  7  8  9 10 11 12 13 14 15 16 17 18 |
---------------+-------------------------------------------------------+-----
Axes           | 3 5 6 7 8 10 12 13 15 17 19 21 23 | 23.6
Armour         | 3 4 5 6 8 9 10 12 13 15 17 19 21 23 | 23.6
Dodging        | 2 4 5 6 7 9 10 11 13 15 16 18 21 24 | 24.6
Shields        | 4 5 6 7 8 10 11 12 14 17 19 21 23 24 25 | 25.1
Evocations     | 2 4 5 7 8 10 11 12 14 16 18 20 22 25 | 25.3
Fighting       | 5 6 7 9 10 11 13 14 16 18 20 23 25 | 25.5

Action                     |  1- 3 |  4- 6 |  7- 9 | 10-12 | 13-15 | 16-18 || total
---------------------------+-------+-------+-------+-------+-------+-------++-------
  Melee: Broad axe         |     1 |     7 |    22 |    84 |    96 |   126 ||   336
         Kick              |       |     1 |     9 |    30 |    21 |    48 ||   109
         Pseudopods        |       |       |       |       |       |     8 ||     8
  Evoke: Wand              |       |       |     2 |     4 |    10 |     5 ||    21
         Condenser vane    |       |       |       |       |    13 |     8 ||    21
         Box of beasts     |       |       |       |       |     6 |     2 ||     8
    Use: Potion            |     1 |       |     1 |    15 |       |     3 ||    20
         Scroll            |       |       |       |     1 |       |       ||     1
   Stab: Distracted        |       |       |     1 |     2 |     3 |     4 ||    10
         Invisible         |       |       |       |     9 |       |       ||     9
         Confused          |       |       |       |       |     3 |     1 ||     4
         Petrifying        |       |       |       |       |     1 |       ||     1
 Armour: Plate armour      |       |     5 |    46 |    48 |   110 |    61 ||   270
  Dodge: Dodged            |       |     1 |    14 |    24 |    54 |    52 ||   145
  Block: Kite shield       |     3 |    13 |    48 |   191 |   230 |   239 ||   724
